 Dungeon Crawl Stone Soup version 0.31-a0-237-g2d982f9f85 (webtiles) character file.

Game seed: 9153770533553601035

109934 BubbleThief the Impaler (level 16, -9/138 HPs)
             Began as a Demonspawn Cinder Acolyte on July 12, 2023.
             Was an Initiate of Ignis.
             Mangled by a spark wasp (12 damage)
             ... on level 3 of the Spider Nest.
             The game lasted 00:45:19 (26246 turns).

BubbleThief the Impaler (DsCA)                     Turns: 26246, Time: 00:45:20

Health: -9/138     AC: 14    Str: 18    XL:     16   Next: 6%
Magic:  29/29      EV: 24    Int: 15    God:    Ignis [......]
Gold:   2752       SH:  6    Dex: 15    Spells: 27/34 levels left

rFire   + + +        G - +7 demon trident "Lajul" {drain, rPois rF++ rN+ Str-3}
rCold   + + +        (no shield)
rNeg    + + .        B - +4 skin of Zhor {*Englaciate rC+++ SInv}
rPois   +            c - +2 hat
rElec   .            u - +0 cloak
rCorr   +            (no gloves)
SInv    +            b - +1 pair of boots "Cofy" {rN+ rCorr Dex+4}
Will    +....        (no amulet)
Stlth   +            h - +5 ring of evasion
HPRegen 0.43/turn    y - +5 ring of evasion
MPRegen 0.21/turn

%: no passive effects
@: mighty, corroded, rising, fiery-armoured, flying, very slightly contaminated
A: large bone plates 2, foul stench 2, powered by pain 1, demonic touch 2
a: Renounce Religion


You were on level 3 of the Spider Nest.
You worshipped Ignis.
Ignis was noncommittal.
You visited 5 branches of the dungeon, and saw 24 of its levels.
You also visited: Bailey and Gauntlet.

You collected 2752 gold pieces.

Inventory:

Hand Weapons
 G - the +7 demon trident "Lajul" (weapon) {drain, rPois rF++ rN+ Str-3}
   (You acquired it on level 1 of the Lair of Beasts)

   Str:       It affects your strength (-3).
   rF:        It greatly protects you from fire.
   rPois:     It protects you from poison.
   rN:        It protects you from negative energy.
Missiles
 N - a throwing net
Armour
 b - the +1 pair of boots "Cofy" (worn) {rN+ rCorr Dex+4}
   (You acquired it in a bailey)

   Dex:       It affects your dexterity (+4).
   rN:        It protects you from negative energy.
   rCorr:     It protects you from acid and corrosion.
 c - a +2 hat (worn)
 u - a +0 cloak (worn)
 B - the +4 skin of Zhor (worn) {*Englaciate rC+++ SInv}
   (You found it on level 1 of the Lair of Beasts)

   *Englaciate: It radiates cold, occasionally slowing all nearby creatures who
   are not resistant to cold.
   rC:        It renders you almost immune to cold.
   SInv:      It lets you see invisible.
 L - the scarf of Duty {repulsion, rElec rN+ Str-5}
   (You found it in a Gauntlet)

   Str:       It affects your strength (-5).
   rElec:     It insulates you from electricity.
   rN:        It protects you from negative energy.
Jewellery
 g - a +6 ring of intelligence
 h - a +5 ring of evasion (left hand)
 v - a ring of see invisible
 y - a +5 ring of evasion (right hand)
 O - a ring of protection from fire
 P - a +6 ring of strength
Wands
 a - a wand of roots (15)
 t - a wand of polymorph (27)
 x - a wand of paralysis (16)
 J - a wand of flame (6)
 Q - a wand of digging (2)
Scrolls
 d - 17 scrolls of teleportation
 e - 2 scrolls of revelation
 i - 4 scrolls of fog
 l - 4 scrolls of acquirement
 n - 4 scrolls of fear
 o - 5 scrolls of identify
 A - a scroll of poison
 D - 4 scrolls of amnesia
 H - 3 scrolls of summoning
 K - 2 scrolls of enchant armour
Potions
 f - 13 potions of heal wounds
 j - 7 potions of ambrosia
 k - 3 potions of lignification
 m - 3 potions of might
 p - 3 potions of mutation
 q - 3 potions of attraction
 r - 2 potions of haste
 s - 3 potions of cancellation
 w - 2 potions of berserk rage
 z - 4 potions of magic
 C - 3 potions of curing
 E - a potion of brilliance
 F - 4 potions of resistance
 I - 2 potions of invisibility
 M - 3 potions of enlightenment


   Skills:
 + Level 15.8 Fighting
 - Level 16.0 Polearms
 + Level 5.3 Dodging
 + Level 9.9 Spellcasting
 - Level 15.0 Necromancy
 - Level 2.6 Fire Magic


You had 27 spell levels left.
You knew the following spells:

 Your Spells              Type           Power      Damage    Failure   Level
a - Borgnjor's Vile Clut  Necr/Erth      15%        N/A       12%         5
b - Sublimation of Blood  Necr           51%        N/A       1%          2

Your spell library contained the following spells:

 Spells                   Type           Power      Damage    Failure   Level
 Scorch                   Fire           30%        2d6       4%          2
 Freeze                   Ice            28%        1d5       10%         1
 Lesser Beckoning         Tloc           14%        N/A       16%         2
 Wereblood                Tmut           7%         N/A       16%         2
 Volatile Blastmotes      Fire/Tloc      22%        2d11      17%         3
 Ignite Poison            Fire/Tmut/Pois 10%        N/A       21%         3
 Frozen Ramparts          Ice            14%        1d3       30%         3
 Gell's Gravitas          Tloc           7%         N/A       30%         3
 Hailstorm                Conj/Ice       7%         3d4       30%         3
 Teleport Other           Tloc           7%         N/A       30%         3
 Tukima's Dance           Hex            7%         N/A       30%         3
 Vhi's Electric Charge    Tloc/Air       14%        N/A       30%         3
 Flame Wave               Conj/Fire      11%        2d6       50%         4
 Cause Fear               Hex            3%         N/A       69%         4
 Fulminant Prism          Conj/Hex       3%         3d5       69%         4
 Iskenderun's Mystic Bla  Conj/Tloc      7%         2d4       69%         4
 Manifold Assault         Tloc           7%         N/A       69%         4
 Olgreb's Toxic Radiance  Pois           7%         N/A       69%         4
 Passage of Golubria      Tloc           7%         N/A       69%         4
 Petrify                  Tmut/Erth      7%         N/A       69%         4
 Alistair's Intoxication  Tmut/Pois      4%         N/A       95%         5
 Arcjolt                  Conj/Air       3%         1d13      95%         5
 Irradiate                Conj/Tmut      3%         3d12      95%         5
 Lee's Rapid Deconstruct  Erth           3%         3d5*      95%         5
 Yara's Violent Unravell  Hex/Tmut       3%         3d4       95%         5
 Dispersal                Tloc           3%         N/A       100%        6
 Eringya's Noxious Bog    Tmut/Pois      3%         4d6       100%        6
 Plasma Beam              Fire/Air       5%         2x1d16    100%        6
 Summon Cactus Giant      Summ           3%         N/A       100%        6
 Dragon Form              Tmut           3%         N/A       100%        7
 Discord                  Hex            3%         N/A       100%        8
 Disjunction              Tloc           3%         N/A       100%        8
 Ignition                 Fire           7%         3d5       100%        8
 Dragon's Call            Summ           3%         N/A       100%        9


Dungeon Overview and Level Annotations

Branches:
Dungeon (13/15)            Temple (1/1) D:6            Lair (5/5) D:8
 Shoals (0/4) Lair:2       Spider (3/4) Lair:3        Slime (0/5) Lair:5
    Orc (2/2) D:9          Vaults (0/5) D:13         Bailey (visited)
Gauntlet (visited)
    Elf: Orc:2

Altars:
Ashenzari
Dithmenos
Fedhas
Gozag
Hepliaklqana
Kikubaaqudgha
Makhleb
Nemelex Xobeh
Ru
Trog
Vehumet
Yredelemnul
Jiyva

Shops:
D:11 *

Annotations:
D:10 3 runed translucent doors, Leavold's ghost, novice OpEE
D:13 Erolcha; Lodul
Lair:1 1 transporter, Tollund's ghost, novice OpTm


Innate Abilities, Weirdness & Mutations

You are mostly covered in large bone plates. (SH +6)
You sometimes emit foul miasma when damaged in melee.
You sometimes gain a little power by taking damage.
Your touch may inflict irresistible damage on your foes.


Message History

The entropy weaver is burned by your cloak of flames.
The entropy weaver is moderately wounded.
The entropy weaver barely misses you. You block the entropy weaver's attack.
The entropy weaver misses you.
The redback bites you but does no damage.
The redback is burned by your cloak of flames.
The redback is severely wounded.
The spark wasp completely misses you.
You feel better. The redback misses you. The entropy weaver hits you.
The entropy weaver completely misses you.
The entropy weaver closely misses you. The entropy weaver barely misses you.
The spark wasp stings you!!
You focus on the pain.
You feel very mighty all of a sudden. The spark wasp shocks you!
* * * LOW HITPOINT WARNING * * *
You focus on the pain.
You feel your power returning.
The spark wasp is burned by your cloak of flames.
The spark wasp is lightly wounded.
The entropy weaver points at you and mumbles some strange words.
The entropic weave corrodes you!
The redback bites you but does no damage.
The redback is burned by your cloak of flames.
The redback is almost dead.
You begin to rise into the air.
The spark wasp barely misses you. The redback bites you.
* * * LOW HITPOINT WARNING * * *
The redback is burned by your cloak of flames.
You kill the redback!
The entropy weaver misses you.
The entropy weaver completely misses you.
The entropy weaver hits you.
* * * LOW HITPOINT WARNING * * *
The entropy weaver is burned by your cloak of flames.
The entropy weaver is heavily wounded.
You emit a cloud of foul miasma!
The entropy weaver hits you!
* * * LOW HITPOINT WARNING * * *
The spark wasp stings you!
* * * LOW HITPOINT WARNING * * *
The spark wasp shocks you!
You die...

##..#......#...#..#.
#...#.##..#.## ..#
#.^..#...#....# .^#
####...#....#.###..#
#.#..#....###.#..#..
#...#....#.##.#..^.#
###...#.........#.#
..#.##.^##<#...#.#
##.#..^.##@#^##...##..
..^.#...#By.#.#.^^....
..#.#.##.○.##....#####.
....#....##††..##
.##.#..#.#.#.†##..#
..^........#††#.#....
.#^#.#..#.#....^##.#^.#
..#.#.#...†###..^# .#
^#^#.##..#.# ...# #


You could see an entropy weaver (very poisoned) and a spark wasp.

Vanquished Creatures
  Frances (Spider:1)
  2 ghost moths
  Azrael (Spider:2)
  A minotaur (Gauntlet)
  Josephine (D:12)
  4 hydras
  A hell beast (Gauntlet)
  4 radroaches
  A jorogumo (Spider:2)
  4 two-headed ogres
  A boulder beetle (D:12)
  8 death yaks
  8 demonic crawlers
  Sonja (Lair:1)
  9 pharaoh ants
  3 skysharks
  5 orb spiders
  An obsidian statue (Gauntlet)
  6 steelbarb worms
  An orc knight (Orc:1)
  12 wolf spiders
  An oklob plant (Gauntlet)
  4 orc sorcerers
  A cyclops (D:12)
  4 ugly things
  10 elephants
  9 black mambas
  A gargoyle (D:8)
  Maggie (D:6)
  4 torpor snails
  9 cane toads
  A kobold demonologist (Bailey)
  6 rime drakes
  3 unseen horrors
  9 komodo dragons
  A queen bee (shapeshifter) (D:10)
  3 meliai (Lair:4)
  A troll (Orc:1)
  4 polar bears
  A queen bee (Lair:4)
  Grinder (D:4)
  13 tarantellas
  35 blink frogs
  A hornet (D:8)
  5 slime creatures (D:12)
  3 centaur simulacra (Gauntlet)
  3 shadows
  19 jumping spiders
  15 culicivoras
  2 wraiths
  3 basilisks
  3 wyverns
  63 yaks
  A fire elemental (Spider:2)
  A human (D:12)
  4 vampire mosquitoes
  49 redbacks
  4 swamp worms (Lair:4)
  5 wargs
  An acid dragon (Gauntlet)
  7 hell hounds
  18 water moccasins
  4 black bears
  28 orc warriors
  2 sky beasts
  6 ice beasts
  19 wolves
  5 centaurs
  A phantom (D:4)
  A kobold brigand (D:10)
  10 bullfrogs
  Blork the orc (D:4)
  5 scorpions
  A cane toad simulacrum (Gauntlet)
  13 wights
  19 killer bees
  9 electric eels
  2 vampire bats (Lair:5)
  5 howler monkeys
  7 hounds
  6 jellies
  5 orc priests
  A gnoll bouda (D:7)
  3 iguanas
  16 orc wizards
  13 hell rats
  Natasha (thrice) (D:4)
  A boggart simulacrum (Gauntlet)
  7 gnolls
  9 adders
  3 white imps
  3 ufetubi
  4 worms
  3 dart slugs
  58 orcs
  11 endoplasms
  6 giant cockroaches
  12 goblins
  15 hobgoblins
  2 jackals (D:4)
  3 quokkas
  6 ball pythons
  11 bats
  4 frilled lizards
  12 kobolds
  6 rats
  A butterfly (Lair:2)
766 creatures vanquished.

Vanquished Creatures (others)
  An orc warrior (Orc:1)
  An orc (Orc:2)
  23 foxfires (D:4)
25 creatures vanquished.

Grand Total: 791 creatures vanquished

Notes
Turn   | Place    | Note
-------+----------+-------------------------------------------
     0 | D:1      | BubbleThief the Demonspawn Cinder Acolyte began the quest
                  | for the Orb.
     0 | D:1      | Reached XP level 1. HP: 18/18 MP: 2/2
   155 | D:1      | Reached skill level 3 in Polearms
   163 | D:1      | Gained mutation: Your touch may inflict minor irresistible
                  | damage on your foes. [demonic ancestry]
   163 | D:1      | Reached XP level 2. HP: 16/24 MP: 3/3
   266 | D:1      | Found a faded altar of an unknown god.
   721 | D:1      | Reached XP level 3. HP: 29/29 MP: 4/4
  1517 | D:2      | Found a hazy altar of Hepliaklqana.
  1618 | D:3      | Gained mutation: Your touch may inflict irresistible damage
                  | on your foes. [demonic ancestry]
  1618 | D:3      | Reached XP level 4. HP: 37/37 MP: 5/5
  1947 | D:3      | You fall into a shaft and drop 1 floor!
  1947 | D:4      | Found a bloodstained altar of Trog.
  1949 | D:4      | Noticed a black bear
  1971 | D:4      | Killed a black bear
  1972 | D:4      | Reached skill level 4 in Polearms
  1972 | D:4      | Reached XP level 5. HP: 41/43 MP: 6/6
  1987 | D:4      | Noticed a phantom
  1988 | D:4      | Noticed a water moccasin
  1990 | D:4      | Noticed Blork the orc
  1991 | D:4      | Killed a phantom
  1992 | D:4      | Reached skill level 5 in Fighting
  1992 | D:4      | Killed a water moccasin
  1993 | D:4      | Reached skill level 5 in Polearms
  1993 | D:4      | Reached XP level 6. HP: 51/51 MP: 7/7
  2019 | D:4      | Killed Blork the orc
  2076 | D:4      | Noticed Grinder
  2088 | D:4      | Paralysed by Grinder for 4 turns
  2093 | D:4      | Killed Grinder
  2094 | D:4      | Gained mutation: You are partially covered in large bone
                  | plates. (SH +4) [demonic ancestry]
  2094 | D:4      | Reached XP level 7. HP: 30/59 MP: 8/8
  2415 | D:4      | Noticed Natasha
  2427 | D:4      | Killed Natasha
  2428 | D:4      | Reached skill level 6 in Polearms
  3048 | D:4      | Noticed Natasha
  3054 | D:4      | Killed Natasha
  3336 | D:4      | Noticed Natasha
  3346 | D:4      | Killed Natasha
  3448 | D:5      | Entered Level 5 of the Dungeon
  3448 | D:5      | Found a broken altar of Ashenzari.
  3560 | D:5      | Reached XP level 8. HP: 59/67 MP: 9/9
  3961 | D:5      | Reached skill level 7 in Polearms
  4368 | D:6      | Found a staircase to the Ecumenical Temple.
  4373 | Temple   | Entered the Ecumenical Temple
  4497 | D:6      | Noticed Maggie
  4538 | D:6      | Killed Maggie
  4539 | D:6      | Reached skill level 8 in Polearms
  4652 | D:6      | Reached XP level 9. HP: 69/75 MP: 10/10
  5272 | D:7      | Reached skill level 9 in Polearms
  5337 | D:7      | Reached skill level 10 in Fighting
  6113 | D:8      | Found a burning altar of Makhleb.
  6238 | D:8      | Found a flagged portal.
  6254 | Bailey   | Entered a bailey
  6570 | Bailey   | Reached XP level 10. HP: 60/86 MP: 11/11
  6751 | Bailey   | Reached skill level 10 in Polearms
  6792 | Bailey   | Noticed an orc sorcerer
  6794 | Bailey   | Killed an orc sorcerer
  6967 | Bailey   | Acquired the +1 pair of boots "Cofy" {rN+ rCorr Dex+4}
  7595 | Bailey   | Found an iron altar of Okawaru.
  7689 | Bailey   | Acquired 891 gold pieces
  8088 | D:8      | Reached skill level 11 in Polearms
  8243 | D:8      | Found a staircase to the Lair.
  8452 | D:8      | Noticed a gargoyle
  8465 | D:8      | Killed a gargoyle
  8466 | D:8      | Gained mutation: You may rarely emit foul miasma when
                  | damaged in melee. [demonic ancestry]
  8466 | D:8      | Reached XP level 11. HP: 72/95 MP: 12/12
  8716 | Lair:1   | Entered Level 1 of the Lair of Beasts
  8740 | Lair:1   | Reached skill level 12 in Polearms
  9072 | Lair:1   | Reached skill level 13 in Polearms
  9684 | Lair:2   | Reached skill level 14 in Polearms
 10129 | Lair:2   | Found a staircase to the Shoals.
 10196 | Lair:1   | Gained mutation: You sometimes emit foul miasma when
                  | damaged in melee. [demonic ancestry]
 10196 | Lair:1   | Reached XP level 12. HP: 64/102 MP: 13/13
 10304 | Lair:1   | Found the +4 skin of Zhor {*Englaciate rC+++ SInv}
 10357 | Lair:1   | Noticed Sonja
 10374 | Lair:1   | Killed Sonja
 10609 | Lair:1   | Found a transporter.
 10611 | Lair:1   | Noticed an eight-headed hydra
 10613 | Lair:1   | Noticed Tollund's ghost (novice OpTm)
 10669 | Lair:1   | Reached skill level 15 in Polearms
 10745 | Lair:1   | Found a transporter.
 11009 | Lair:1   | Identified the +0 leather armour "Verianei" {rElec Will-
                  | Int-2 SInv}
 11054 | Lair:1   | Acquired the +7 demon trident "Lajul" {drain, rPois rF++
                  | rN+ Str-3}
 11833 | Lair:3   | Found a hole to the Spider Nest.
 11934 | Lair:3   | Noticed an eight-headed hydra
 11945 | Lair:3   | Killed an eight-headed hydra
 11964 | Lair:3   | Reached skill level 16 in Polearms
 11985 | Lair:3   | Learned a level 5 spell: Borgnjor's Vile Clutch
 12103 | Lair:3   | Reached skill level 1 in Necromancy
 12553 | Lair:3   | Reached skill level 5 in Necromancy
 12567 | Lair:3   | Reached XP level 13. HP: 104/109 MP: 18/18
 12963 | Lair:4   | Found a gate leading to a gauntlet.
 12972 | Gauntlet | Entered a Gauntlet
 12972 | Gauntlet | Found a transporter.
 13096 | Gauntlet | Found a transporter.
 13099 | Gauntlet | Found a transporter.
 13100 | Gauntlet | Found a transporter.
 13108 | Gauntlet | Found a transporter.
 13111 | Gauntlet | Found a transporter.
 13112 | Gauntlet | Found a transporter.
 13119 | Gauntlet | Found a runed translucent door.
 13122 | Gauntlet | Found a transporter.
 13123 | Gauntlet | Found a transporter.
 13124 | Gauntlet | Found a transporter.
 13135 | Gauntlet | Found a transporter.
 13135 | Gauntlet | Found a transporter.
 13136 | Gauntlet | Found a transporter.
 13145 | Gauntlet | Found a transporter.
 13486 | Gauntlet | Noticed a minotaur
 13554 | Gauntlet | Killed a minotaur
 13559 | Gauntlet | Identified the staff "Voyroz" {rC+ Str+6 Int-3 Ice}
 13559 | Gauntlet | Identified the scarf of Duty {repulsion, rElec rN+ Str-5}
 13560 | Gauntlet | Got the Folio of Sickening Transformation
 14311 | Lair:4   | Reached skill level 5 in Spellcasting
 14642 | Lair:5   | Entered Level 5 of the Lair of Beasts
 15422 | Lair:5   | Reached skill level 10 in Necromancy
 15453 | Lair:5   | Gained mutation: You are mostly covered in large bone
                  | plates. (SH +6) [demonic ancestry]
 15453 | Lair:5   | Reached XP level 14. HP: 66/119 MP: 23/23
 15824 | Lair:5   | Found a staircase to the Slime Pits.
 15824 | Lair:5   | Found a viscous altar of Jiyva.
 16671 | D:9      | Found a staircase to the Orcish Mines.
 16687 | Orc:1    | Entered Level 1 of the Orcish Mines
 16931 | Orc:2    | Entered Level 2 of the Orcish Mines
 16970 | Orc:2    | Paralysed by an orc sorcerer for 4 turns
 17134 | Orc:2    | Paralysed by an orc sorcerer for 5 turns
 17529 | Orc:2    | Noticed an orc warlord
 17950 | D:9      | Learned a level 2 spell: Sublimation of Blood
 18561 | D:10     | Entered Level 10 of the Dungeon
 18871 | D:10     | Found a runed translucent gate.
 18871 | D:10     | Found a runed translucent gate.
 18871 | D:10     | Found a runed translucent gate.
 19441 | D:10     | Found a runed translucent gate.
 19441 | D:10     | Found a runed translucent gate.
 19441 | D:10     | Noticed Leavold's ghost (novice OpEE)
 19443 | D:10     | Noticed a cacodemon
 19445 | D:10     | Found a runed translucent gate.
 19650 | D:11     | Found Huotaf's Gadget Gallery.
 21287 | D:13     | Noticed Erolcha
 21367 | D:13     | Noticed Lodul
 21367 | D:13     | Noticed Josephine
 21367 | D:13     | Found a gate to the Vaults.
 21380 | D:12     | Killed Josephine
 21552 | Spider:1 | Entered Level 1 of the Spider Nest
 21702 | Spider:1 | Reached XP level 15. HP: 22/127 MP: 27/27
 22012 | Spider:1 | Reached skill level 1 in Dodging
 22625 | Spider:1 | Reached skill level 15 in Fighting
 23334 | Spider:1 | Noticed Frances
 23346 | Spider:1 | Killed Frances
 23977 | Spider:2 | Noticed Azrael
 24007 | Spider:2 | Killed Azrael
 24851 | Spider:2 | Reached skill level 15 in Necromancy
 26116 | Spider:3 | Reached skill level 5 in Dodging
 26161 | Spider:3 | Gained mutation: You sometimes gain a little power by
                  | taking damage. [demonic ancestry]
 26161 | Spider:3 | Reached XP level 16. HP: 137/137 MP: 23/29
 26246 | Spider:3 | HP: 3/138 [spark wasp (17)]
 26246 | Spider:3 | Mangled by a spark wasp

Illustrated notes

Levels and vault maps discovered:
D:1:      psy_arrival_radial01, layout_loops_ring,
          chequers_ecumenical_altar_grove
D:2:      layout_basic, basic_altar, minmay_stone_trees_small,
          kennysheep_generic_room_15
D:3:      layout_basic, st_stairs_13
D:4:      layout_basic, mainiacjoe_overflow_boulevard, uniq_blork_the_orc,
          uniq_natasha, uniq_grinder
D:5:      layout_basic, mainiacjoe_overflow_tiny_flanked,
          nicolae_concentric_dashed_squares_mild
D:6:      layout_rooms, minmay_temple_entry_offerings,
          hangedman_decor_slide_cut, uniq_maggie
D:7:      layout_loops_cross
D:8:      layout_basic, mainiacjoe_overflow_small_starburst,
          hellmonk_lair_entry_icy, enter_bailey_4,
          chequers_serial_rivers_small_b
D:9:      layout_long_grid, orc_0_dummy, chequers_serial_rivers_small_a
D:10:     layout_basic, ploomutoo_gammafunk_ghost_potion_laboratory,
          nooodl_orcs_dogs
D:11:     layout_long_grid, nicolae_shop_gadgets
D:12:     layout_gridville
D:13:     minmay_the_grid_octo_tiled_squarecenter
          [minmay_the_grid_octo_clover_2, minmay_the_grid_octo_chip,
          minmay_the_grid_octo_tetromino_candy, minmay_the_grid_octo_shrine,
          minmay_the_grid_square_5x5_megaprize_crossed,
          minmay_the_grid_square_5x5_fat_x,
          minmay_the_grid_square_5x5_misaligned,
          minmay_the_grid_square_5x5_six_small,
          minmay_the_grid_square_5x5_inverted_slash], layout_basic,
          david_vaults_3, uniq_josephine, uniq_erolcha
Temple:   hellmonk_temple_of_storms
Lair:1:   layout_cellular_growth, gammafunk_ghost_berserking_beasts,
          hellmonk_guarded_unrand_zhor, lemuel_fruit_fields, uniq_sonja
Lair:2:   layout_gridlike, elwin_shoals_entry_rocks,
          hangedman_lair_unloving_vines, serial_bayou_pond_a,
          lemuel_fruit_fields
Lair:3:   layout_loops_ring, spider_nest_entry_a, grunt_megastairs_4
Lair:4:   layout_gridlike, special_room [special_room_bee],
          gauntlet_entry_generic, worms_lemuel
Lair:5:   evil_forest, layout_loops_ring, nicolae_slime_entry_slimehenge,
          roderic_batcave, grunt_megastairs_5, serial_bayou_shore_b
Spider:1: layout_chambers, drop_trap, uniq_frances
Spider:2: layout_spider_delve, uniq_azrael
Spider:3: layout_spider_delve, drop_trap
Orc:1:    layout_diamond_mine
Orc:2:    st_orc_mages, layout_caves, gammafunk_ghost_smash,
          nicolae_orc_crystal_geode

Skill      XL: |  1  2  3  4  5  6  7  8  9 10 11 12 13 14 15 |
---------------+----------------------------------------------+-----
Polearms       | 3 4 5 6 8 9 11 14 16 | 16.0
Fighting       | 4 5 6 7 8 10 12 13 14 15 | 15.8
Necromancy     | 5 10 13 15 | 15.0
Spellcasting   | 3 6 8 9 |  9.9
Dodging        | 5 |  5.3
Fire Magic     | |  2.6

Action                     |  1- 3 |  4- 6 |  7- 9 | 10-12 | 13-15 | 16-18 || total
---------------------------+-------+-------+-------+-------+-------+-------++-------
  Melee: Spear             |   132 |    62 |   450 |       |       |       ||   644
         Punch             |     1 |       |     3 |     2 |    14 |     1 ||    21
         Touch             |    10 |     7 |    80 |    30 |   256 |     8 ||   391
         Halberd           |       |       |    64 |   514 |       |       ||   578
         Demon trident     |       |       |       |   184 |  1532 |    32 ||  1748
   Cast: Borgnjor's Vile C |       |       |       |       |    21 |     3 ||    24
 Invoke: Fiery Armour      |       |     2 |     2 |     4 |     1 |     1 ||    10
         Foxfire Swarm     |       |     1 |       |       |       |       ||     1
         Rising Flame      |       |       |       |       |       |     1 ||     1
  Evoke: Wand              |       |       |     1 |     1 |       |       ||     2
    Use: Scroll            |       |       |     4 |    17 |    11 |       ||    32
         Potion            |       |       |       |     1 |     1 |     1 ||     3
   Stab: Sleeping          |     3 |       |       |       |     2 |       ||     5
         Held in net/web   |       |       |       |       |     2 |       ||     2
         Distracted        |       |       |       |       |     1 |       ||     1
 Armour: Robe              |     6 |     9 |    38 |    74 |       |       ||   127
         Animal skin       |       |       |       |    16 |   127 |     9 ||   152
  Dodge: Dodged            |    42 |    32 |   243 |   451 |   719 |    64 ||  1551
  Block: Other             |       |       |    56 |    76 |   199 |    14 ||   345

Table legend: (Time is in decaauts)
 A = Elapsed time spent in this place.
 B = Non-inter-level travel time spent in this place.
 C = Inter-level travel time spent in this place.
 D = Time resting spent in this place.
 E = Time spent auto-exploring this place.
 F = Levels seen in this place.
 G = Mean time per level.
                   A        B        C        D        E       F      G
               +--------+--------+--------+--------+--------+-----+--------+
         Total |  25431 |  24362 |   1069 |   3020 |  16730 |  26 |  978.1 |
       Dungeon |  10838 |  10295 |    543 |    109 |   8346 |  13 |  833.7 |
        Temple |     21 |     11 |     10 |      0 |      1 |   1 |   21.0 |
          Lair |   6937 |   6509 |    428 |    749 |   4410 |   5 | 1387.4 |
   Spider Nest |   4481 |   4414 |     67 |   1207 |   2533 |   3 | 1493.7 |
  Orcish Mines |    849 |    829 |     20 |    460 |    214 |   2 |  424.5 |
        Bailey |   1621 |   1621 |      0 |    371 |    852 |   1 | 1621.0 |
      Gauntlet |    682 |    682 |      0 |    124 |    372 |   1 |  682.0 |
               +--------+--------+--------+--------+--------+-----+--------+

Top non-repeatable levels by time:
Spider:1: 2709 daAuts
  Lair:1: 1853 daAuts
  Bailey: 1621 daAuts
  Lair:4: 1575 daAuts
Spider:2: 1264 daAuts
  Lair:2: 1260 daAuts
  Lair:5: 1255 daAuts
     D:8: 1128 daAuts
    D:12: 1085 daAuts
  Lair:3: 992 daAuts
     D:9: 986 daAuts
     D:4: 977 daAuts
     D:7: 933 daAuts
     D:5: 898 daAuts
    D:10: 879 daAuts
